 Dungeon Crawl Stone Soup version 0.23.1 (webtiles) character file.

Game seed: 0

208 FunkyPutin the Shield-Bearer (level 5, -6/33 HPs)
             Began as a Gargoyle Fighter on Mar 5, 2019.
             Mangled by an ogre
             ... wielding a +0 giant spiked club
              (24 damage)
             ... on level 4 of the Dungeon.
             The game lasted 00:23:24 (2306 turns).

FunkyPutin the Shield-Bearer (Gargoyle Fighter)     Turns: 2306, Time: 00:23:25

Health: -6/33      AC: 15    Str: 20    XL:     5   Next: 86%
Magic:  5/5        EV:  5    Int:  9    God:
Gold:   219        SH:  9    Dex:  9    Spells: 4/4 levels left

rFire    x . .     SeeInvis .   r - +5 short sword (venom)
rCold    + . .     Gourm    .   c - +0 shield
rNeg     + . .     Faith    .   s - +0 chain mail
rPois    ∞         Spirit   .   (no helmet)
rElec    +         Reflect  .   k - +0 cloak
rCorr    .         Harm     .   (no gloves)
MR       .....                  h - +0 pair of boots
Stlth    ..........             (no amulet)
HPRegen  0.11/turn              l - ring of ice
MPRegen  0.09/turn              (no ring)

@: no status effects
A: negative energy resistance 1, electricity resistance, unbreathing,
petrification resistance, rot immunity, AC +4
a: no special abilities


You were on level 4 of the Dungeon.
You were not hungry.

You visited 1 branch of the dungeon, and saw 4 of its levels.

You collected 219 gold pieces.

Inventory:

Hand Weapons
 r - a +5 short sword of venom (weapon)
 t - a +2 mace of holy wrath
Armour
 c - a +0 shield (worn)
 h - a +0 pair of boots (worn)
 k - a +0 cloak (worn)
 s - a +0 chain mail (worn)
Jewellery
 l - a ring of ice (left hand)
Scrolls
 e - a scroll of fog
 g - 3 scrolls of teleportation
 i - 2 scrolls of remove curse
 o - a scroll of fear
Potions
 d - a potion of might
 j - a potion of heal wounds
 m - a potion of mutation
 n - a potion of degeneration {unknown}
Comestibles
 f - 8 rations


   Skills:
 + Level 4.0 Fighting
 * Level 0.6 Short Blades
 + Level 4.1 Maces & Flails
 + Level 4.0 Armour
 - Level 0.2 Dodging
 - Level 0.1 Stealth
 + Level 4.2 Shields


You had 4 spell levels left.
You didn't know any spells.
Your spell library was empty.

Dungeon Overview and Level Annotations

Branches:
Dungeon (4/15)
 Temple: D:4-7

Altars:
Sif Muna
Zin


Innate Abilities, Weirdness & Mutations

You are resistant to torment.
Your stone body is resilient. (AC +4)
You are immune to poison.
You resist negative energy. (rN+)
You are resistant to electric shocks. (rElec)
You can survive without breathing.
You are immune to petrification.
You are immune to rotting.


Message History

Found a stone staircase leading up.
An ogre comes into view. It is wielding a +0 giant spiked club.
The ogre shouts!
A worker ant comes into view.
The worker ant twitches its antennae in your direction.
A hound comes into view.
Unknown command.
You completely miss the ogre.
The hound barks!
The ogre hits you with a +0 giant spiked club!
Your shield and chain mail prevent you from hitting the ogre.
You block the ogre's attack.
You puncture the ogre!
The ogre is poisoned.
The ogre is moderately wounded.
You block the worker ant's attack.
You hit the ogre but do no damage.
The ogre looks as sick as possible!
The ogre is heavily wounded.
The ogre hits you with a +0 giant spiked club!!
Ouch! That really hurt!
You die...

### #.# #<#
###.# ## #.#.#
.. ####.#.# .#
.#
#.....@#..#.##
#..#.#O#......
#....#ah....#
#......#....#
#.............
...<...........
#....#..###.#.##
........ ...#
..##... ###


You could see an ogre, a hound and a worker ant.

Vanquished Creatures
  An orc priest (D:3)
  An iguana (D:3)
  Terence (D:3)
  6 adders
  2 worms (D:3)
  A leopard gecko (D:2)
  3 orcs (D:3)
  A ball python (D:1)
  7 bats
  2 giant cockroaches
  9 goblins
  5 hobgoblins
  7 jackals
  3 quokkas
  2 frilled lizards
  2 kobolds (D:2)
  13 rats
66 creatures vanquished.

Notes
Turn   | Place    | Note
-------+----------+-------------------------------------------
     0 | D:1      | FunkyPutin the Gargoyle Fighter began the quest for the
                  | Orb.
     0 | D:1      | Reached XP level 1. HP: 14/14 MP: 1/1
   137 | D:1      | Reached XP level 2. HP: 13/19 MP: 2/2
   659 | D:2      | Reached XP level 3. HP: 22/24 MP: 3/3
   760 | D:2      | Reached XP level 4. HP: 15/29 MP: 4/4
  1629 | D:3      | Noticed Terence
  1641 | D:3      | Killed Terence
  1641 | D:3      | Reached XP level 5. HP: 31/33 MP: 5/5
  1949 | D:3      | Found a glowing silver altar of Zin.
  1949 | D:3      | Found a deep blue altar of Sif Muna.
  2296 | D:4      | Noticed an ogre
  2306 | D:4      | Mangled by an ogre

Skill      XL: |  1  2  3  4  5 |
---------------+----------------+-----
Maces & Flails | 3 4 |  4.1
Shields        | 4 |  4.2
Armour         | 4 |  4.0
Fighting       | 4 |  4.0
Short Blades   | |  0.6
Dodging        | |  0.2
Stealth        | |  0.1

Action                   |  1- 3 |  4- 6 || total
-------------------------+-------+-------++-------
Melee: Flail             |   118 |    13 ||   131
       Mace              |       |    41 ||    41
       Whip              |       |    21 ||    21
       Short sword       |       |    50 ||    50
  Use: Scroll            |     2 |     4 ||     6
  Eat: Chunk             |       |     5 ||     5
Armor: Scale mail        |   105 |    13 ||   118
       Chain mail        |       |    61 ||    61
Dodge: Dodged            |    54 |    25 ||    79
Block: Shield            |    82 |    62 ||   144
